 Seeded DCSS version 0.29-a0-676-ga64570c9d2 (webtiles) character file.

Game seed: 11715873064666042754 (custom seed)

123806 wilfster70 the Basher (level 16, -4/97 HPs)
             Began as a Gargoyle Earth Elementalist on June 24, 2022.
             Was the Champion of Okawaru.
             Shot with a bolt by a naga sharpshooter (23 damage)
             ... on level 1 of the Snake Pit.
             The game lasted 01:35:47 (41380 turns).

wilfster70 the Basher (GrEE)                       Turns: 41380, Time: 01:35:48

Health: -4/97      AC: 27    Str: 11    XL:     16   Next: 91%
Magic:  22/28      EV: 10    Int: 31    God:    Okawaru [******]
Gold:   1262       SH: 15    Dex: 10    Spells: 14/31 levels left

rFire   + . .      SeeInvis .   a - +6 shillelagh "Devastator" {shatter}
rCold   . . .      Faith    .   B - +0 kite shield
rNeg    + . .      Spirit   .   M - +2 robe {rC+}
rPois   ∞          Reflect  +   c - +2 hat {Will+}
rElec   +          Harm     .   h - +3 cloak of the Devil {rC- Will++ Stlth+}
rCorr   .          Rampage  .   F - +1 pair of gloves "Icaoc" {+Blink Str-2 Int+8 Stlth+}
Will    +++++                   N - +2 pair of boots
Stlth   ++++......              T - amulet of reflection
HPRegen 0.26/turn               g - ring of protection from fire
MPRegen 0.21/turn               x - ring of willpower

@: flying
A: sickness immunity, AC +12, big wings, negative energy resistance 1,
electricity resistance, torment resistance 1, petrification resistance
a: Renounce Religion, Evoke Blink, Heroism, Finesse, Duel


You were on level 1 of the Snake Pit.
You worshipped Okawaru.
Okawaru was exalted by your worship.
You visited 5 branches of the dungeon, and saw 25 of its levels.
You also visited: Ossuary and Bailey.

You collected 2914 gold pieces.
You spent 1652 gold pieces at shops.

Inventory:

Hand Weapons
 a - the +6 shillelagh "Devastator" (weapon) {shatter}
   (You found it on level 4 of the Dungeon)

   It releases a powerful concussive burst when it strikes, dealing extra damage
   to the target and all other foes adjacent to them.
 b - a +1 hunting sling of venom
 m - a +0 vampiric demon whip
Missiles
 e - 13 poisoned darts
 t - 6 atropa-tipped darts
 y - 22 javelins
 E - 6 curare-tipped darts
 Q - 3 throwing nets
Armour
 c - a +2 hat of willpower (worn)
 h - the +3 cloak of the Devil (worn) {rC- Will++ Stlth+}
   (Okawaru gifted it to you on level 3 of the Lair of Beasts)

   rC:        It makes you vulnerable to cold.
   Will:      It greatly increases your willpower.
   Stlth:     It makes you more stealthy.
 B - a +0 kite shield (worn)
 F - the +1 pair of gloves "Icaoc" (worn) {+Blink Str-2 Int+8 Stlth+}
   (Okawaru gifted it to you on level 11 of the Dungeon)

   Str:       It affects your strength (-2).
   Int:       It affects your intelligence (+8).
   +Blink:    It lets you blink.
   Stlth:     It makes you more stealthy.
 M - a +2 robe of cold resistance (worn)
 N - a +2 pair of boots (worn)
Jewellery
 g - a ring of protection from fire (left hand)
 o - a ring of see invisible
 r - a ring of magical power
 x - a ring of willpower (right hand)
 z - the ring of Foot {Will- rCorr Str+3 Int+4 SInv}
   (You took it off a deep elf pyromancer on level 14 of the Dungeon)

   [ring of see invisible]

   Str:       It affects your strength (+3).
   Int:       It affects your intelligence (+4).
   SInv:      It lets you see invisible.
   rCorr:     It protects you from acid and corrosion.
   Will:      It decreases your willpower.
 T - an amulet of reflection (around neck)
Wands
 A - a wand of flame (40)
 D - a wand of mindburst (13)
 G - a wand of light (17)
 P - a wand of digging (3)
Scrolls
 d - 4 scrolls of magic mapping
 j - 3 scrolls of fear
 n - a scroll of blinking
 q - 2 scrolls of poison
 v - 6 scrolls of teleportation
 C - a scroll of amnesia
 J - 4 scrolls of fog
 K - 2 scrolls of silence
Potions
 f - 4 potions of haste
 i - 5 potions of lignification
 k - 7 potions of mutation
 l - 12 potions of curing
 p - 4 potions of magic
 w - 3 potions of might
 H - 4 potions of resistance
 I - 5 potions of ambrosia
 L - 3 potions of brilliance
 W - 3 potions of invisibility
 Z - 3 potions of cancellation
Miscellaneous
 U - a tin of tremorstones (2/2)
 V - a condenser vane


   Skills:
 - Level 10.0 Fighting
 - Level 14.0 Maces & Flails
 - Level 4.0 Throwing
 - Level 3.5 Armour
 - Level 1.5 Dodging
 - Level 2.1 Stealth
 - Level 10.0 Shields
 - Level 8.1 Spellcasting
 + Level 13.2 Conjurations
 - Level 0.7 Transmutations
 - Level 6.0 Ice Magic
 - Level 2.1 Air Magic
 + Level 12.8 Earth Magic
 - Level 2.6 Poison Magic
 - Level 7.7 Invocations
 - Level 10.0 Evocations


You had 14 spell levels left.
You knew the following spells:

 Your Spells              Type           Power      Damage    Failure   Level
a - Stone Arrow           Conj/Erth      100%       3d13      1%          3
b - Frozen Ramparts       Ice            98%        1d11      2%          3
c - Mephitic Cloud        Conj/Pois/Air  50%        N/A       2%          3
d - Lehudib's Crystal Sp  Conj/Erth      38%        10d9      95%         8

Your spell library contained the following spells:

 Spells                   Type           Power      Damage    Failure   Level
 Magic Dart               Conj           100%       1d8       1%          1
 Sandblast                Erth           100%       2d20      1%          1
 Passwall                 Tmut/Erth      44%        N/A       1%          2
 Searing Ray              Conj           100%       2d8       1%          2
 Static Discharge         Conj/Air       57%        N/A       1%          2
 Hailstorm                Conj/Ice       64%        3d14      1%          4
 Iskenderun's Battlesphe  Conj           76%        2d12      1%          5
 Ensorcelled Hibernation  Hex/Ice        62%        N/A       3%          2
 Fulminant Prism          Conj/Hex       26%        3d14      5%          4
 Petrify                  Tmut/Erth      53%        N/A       5%          4
 Sticky Flame             Conj/Fire      52%        2d7       5%          4
 Swiftness                Air            26%        N/A       11%         3
 Fireball                 Conj/Fire      26%        3d12      16%         5
 Ice Form                 Ice/Tmut       33%        N/A       22%         4
 Orb of Destruction       Conj           38%        9d11      32%         7
 Conjure Ball Lightning   Conj/Air       28%        3x3d8     50%         6
 Anguish                  Hex/Necr       6%         N/A       65%         4
 Dispel Undead            Necr           12%        3d9       65%         4
 Enfeeble                 Hex            6%         N/A       100%        7
 Animate Armour           Summ/Erth      Unusable   N/A       N/A         4
 Call Imp                 Summ           Unusable   N/A       N/A         2
 Summon Ice Beast         Ice/Summ       Unusable   N/A       N/A         4
 Simulacrum               Ice/Necr       Unusable   N/A       N/A         6

Dungeon Overview and Level Annotations

Branches:
Dungeon (15/15)            Temple (1/1) D:5            Lair (6/6) D:9
  Swamp (0/4) Lair:3        Snake (1/4) Lair:3        Slime (0/5) Lair:5
    Orc (2/2) D:12            Elf (0/3) Orc:2        Vaults (0/5) D:14
 Depths (0/4) D:15        Ossuary (visited)          Bailey (visited)

Altars:
Fedhas
Gozag
Kikubaaqudgha
Okawaru
Qazlal
Trog
Vehumet
Wu Jian
Xom
Zin
Jiyva

Shops:
D:3 ?   D:10 *   D:12 *   Orc:1 **   Orc:2 =([[

Annotations:
D:10 6 transporters
D:15 Roxanne


Innate Abilities, Weirdness & Mutations

You are immune to sickness and miasma.
Your stone body is resilient. (AC +12)
You are immune to poison.
Your large and strong wings let you fly.
You resist negative energy. (rN+)
You are resistant to electric shocks. (rElec)
You are resistant to unholy torment.
You are immune to petrification.


Message History

The naga sharpshooter spits poison at you.
The splash of poison hits you but does no damage.
You resist.
The naga sharpshooter shoots a bolt.
The bolt hits you!
* * * LOW HITPOINT WARNING * * *
You hit the naga but do no damage.
The naga is severely wounded.
The naga hits you but does no damage. The naga constricts you.
Casting: Frozen Ramparts (mildly dangerous; 2% risk of failure)
Confirm with . or Enter, or press ? or * to list all spells.
Aiming: Stone Arrow (safe; 1% risk of failure)
Press: ? - help, Shift-Dir - straight line, f - naga
Aim: a naga, wielding a +2 glaive of protection (severely wounded, constricting you, 78% to hit)
The stone arrow misses the naga.
The naga sharpshooter casts a spell.
The naga sharpshooter magically shoots a bolt.
You reflect the bolt off an invisible shield around you!
The naga sharpshooter mumbles some strange words.
The naga sharpshooter magically shoots a bolt.
The bolt hits you but does no damage. The naga spits poison at you.
The splash of poison reflects off an invisible shield around you!
The splash of poison hits the naga.
The naga constricts you.
Casting: Stone Arrow (safe; 1% risk of failure)
Confirm with . or Enter, or press ? or * to list all spells.
Aiming: Stone Arrow (safe; 1% risk of failure)
Press: ? - help, Shift-Dir - straight line, f/p - naga
Aim: a naga, wielding a +2 glaive of protection (severely wounded, constricting you, catching its breath, 78% to hit)
The stone arrow hits the naga!
You kill the naga!
Okawaru accepts your kill.
The naga sharpshooter gestures wildly while chanting.
The naga sharpshooter magically shoots a bolt.
The bolt hits you.
* * * LOW HITPOINT WARNING * * *
The naga sharpshooter shoots a bolt.
The bolt hits you!
* * * LOW HITPOINT WARNING * * *
The naga sharpshooter gestures wildly while chanting.
The naga sharpshooter magically shoots a bolt.
The bolt hits you!!
You die...

### ## ...##.
......#
.......######
............
......N...#
#...[...#
#†[.######.#
#..@#......#
#......#
#......).#
.....#.#.N..#
....######..N#
....# #...#
.... #...# ...
#.... #..#


You could see 2 naga sharpshooters and a naga.

Vanquished Creatures
  Kirke (D:14)
  A shadow dragon (D:14)
  Louise (D:15)
  A very ugly thing (D:14)
  A vampire knight (D:14)
  Nessos (Lair:5)
  An ettin (Orc:1)
  Snorg (Lair:6)
  Josephine (Lair:6)
  Fannar (D:11)
  A deep elf high priest (D:14)
  A hydra (shapeshifter) (D:14)
  Harold (D:11)
  9 hydras
  3 boulder beetles
  14 centaur warriors
  3 catoblepae
  7 two-headed ogres (D:14)
  Erica (Orc:1)
  An ogre mage (D:14)
  A deep troll shaman (Lair:6)
  A death knight (D:13)
  3 tengu warriors (D:14)
  2 naga sharpshooters (Snake:1)
  9 death yaks (Lair:6)
  9 skeletal warriors
  Amaemon (D:11)
  Sonja (Lair:5)
  A flayed ghost (D:14)
  4 deep elf pyromancers
  3 wizards
  An oklob plant (Lair:5)
  A deep elf zephyrmancer (D:15)
  6 orc knights
  A necromancer (D:15)
  17 ugly things
  7 cyclopes
  17 elephants
  7 manticores
  A centaur zombie (D:15)
  7 black mambas
  A naga mage (D:15)
  A gargoyle (D:13)
  6 centaur skeletons
  11 cane toads
  A torpor snail (Lair:4)
  A kobold demonologist (D:11)
  Maggie (D:7)
  An unseen horror (D:12)
  An orange demon (D:11)
  A komodo dragon (shapeshifter) (D:14)
  4 rime drakes
  3 yaktaurs (D:14)
  2 efreet (D:14)
  7 komodo dragons
  A freezing wraith (D:14)
  A meliai (shapeshifter) (D:14)
  5 tengu conjurers
  10 trolls
  A troll (shapeshifter) (D:14)
  3 meliai (D:15)
  3 polar bears
  A wolf spider simulacrum (D:15)
  A tarantella (shapeshifter) (D:14)
  3 hornets (Lair:3)
  2 tyrant leeches (Lair:3)
  3 slime creatures (D:14)
  6 dream sheep (Lair:6)
  14 blink frogs
  A shadow (D:12)
  Sigmund (D:4)
  5 wyverns
  12 spriggans (Lair:3)
  11 wraiths
  2 hogs
  2 humans (D:14)
  A basilisk (shapeshifter) (D:13)
  23 yaks
  2 basilisks
  A steam dragon (D:10)
  10 vampire mosquitoes
  5 wargs (Orc:1)
  16 water moccasins
  Edmund (D:6)
  5 nagas
  A swamp worm (Lair:3)
  A sky beast (D:8)
  A meliai simulacrum (D:15)
  47 orc warriors
  2 ice beasts
  6 black bears
  4 ogres
  15 wolves
  6 boggarts
  A centaur (shapeshifter) (D:15)
  25 centaurs
  2 phantoms
  2 kobold brigands
  An elf zombie (Ossuary)
  10 bullfrogs
  A gnoll sergeant (D:13)
  4 necrophages
  2 scorpions
  18 wights
  A hornet simulacrum (D:14)
  The ghost of CollectiveS the Cudgeller, a weakling MiGl of Sif Muna (D:6)
  29 killer bees
  6 howler monkeys
  2 hounds
  3 jellies
  A gnoll shaman (D:9)
  14 orc priests
  A human zombie (Ossuary)
  18 orc wizards
  2 iguanas
  2 hound zombies (Ossuary)
  5 mummies
  15 gnolls
  13 adders
  3 shadow imps
  A white imp (D:5)
  2 adder zombies (Ossuary)
  A worm (D:4)
  2 dart slugs
  86 orcs
  6 endoplasms
  2 giant cockroaches (D:1)
  11 goblins
  8 hobgoblins
  3 jackals
  3 quokkas
  5 ball pythons
  4 bats
  3 frilled lizards
  3 goblin zombies
  A hobgoblin zombie (Ossuary)
  2 jackal zombies (Ossuary)
  15 kobolds
  A kobold zombie (D:6)
  10 rats
  A rat zombie (Ossuary)
779 creatures vanquished.

Vanquished Creatures (others)
  A killer bee (D:10)
  57 fungi
  47 plants
105 creatures vanquished.

Grand Total: 884 creatures vanquished

Notes
Turn   | Place    | Note
-------+----------+-------------------------------------------
     0 | D:1      | wilfster70 the Gargoyle Earth Elementalist began the quest
                  | for the Orb.
     0 | D:1      | Reached XP level 1. HP: 10/10 MP: 3/3
   422 | D:1      | Reached XP level 2. HP: 13/15 MP: 1/5
   590 | D:1      | Reached XP level 3. HP: 11/19 MP: 2/6
  1589 | D:2      | Found a blossoming altar of Fedhas.
  1630 | D:2      | Found a faded altar of an unknown god.
  1716 | D:2      | Reached XP level 4. HP: 24/24 MP: 4/8
  1720 | D:2      | Learned a level 3 spell: Stone Arrow
  2236 | D:3      | Reached skill level 5 in Earth Magic
  2845 | D:3      | Found Ezokink's Magic Scroll Shop.
  2851 | D:3      | Bought a scroll of fog for 28 gold pieces
  2851 | D:3      | Bought a scroll of teleportation for 42 gold pieces
  2851 | D:3      | Bought a scroll of fear for 49 gold pieces
  3032 | D:4      | Noticed a necrophage
  3036 | D:4      | Killed a necrophage
  3037 | D:4      | Reached XP level 5. HP: 19/28 MP: 7/10
  3529 | D:4      | Found the +6 shillelagh "Devastator" {shatter}
  3703 | D:4      | Noticed Sigmund
  3715 | D:4      | Reached XP level 6. HP: 31/32 MP: 8/12
  3731 | D:4      | Killed Sigmund
  3950 | D:5      | Entered Level 5 of the Dungeon
  3996 | D:5      | Found a staircase to the Ecumenical Temple.
  4008 | Temple   | Entered the Ecumenical Temple
  4043 | Temple   | Became a worshipper of Warmaster Okawaru
  4088 | D:5      | Reached XP level 7. HP: 20/36 MP: 10/14
  4228 | D:5      | Reached skill level 1 in Invocations
  4390 | D:5      | Reached skill level 5 in Spellcasting
  4820 | D:5      | Reached * piety under Okawaru
  4883 | D:5      | Reached skill level 5 in Conjurations
  4983 | D:5      | Reached XP level 8. HP: 31/41 MP: 7/16
  5167 | D:5      | Identified the amulet "Nekoirut" {Faith Will++}
  6180 | D:6      | Found a sand-covered staircase.
  6185 | Ossuary  | Entered an ossuary
  6400 | D:6      | Found a shimmering altar of Xom.
  6527 | D:6      | Found a runed translucent door.
  6540 | D:6      | Reached skill level 5 in Invocations
  6637 | D:6      | Identified the +2 leather armour of Amorality {rCorr Int+3}
  6638 | D:6      | Noticed CollectiveS's ghost (weakling MiGl)
  6667 | D:6      | Reached ** piety under Okawaru
  6676 | D:6      | Killed CollectiveS's ghost
  6677 | D:6      | Reached XP level 9. HP: 31/45 MP: 18/18
  6910 | D:6      | Found a bloodstained altar of Trog.
  7035 | D:6      | Reached skill level 1 in Maces & Flails
  7114 | D:6      | Found an ornate altar of the Wu Jian Council.
  7119 | D:6      | Found a radiant altar of Vehumet.
  7119 | D:6      | Found a stormy altar of Qazlal.
  7120 | D:6      | Found a glowing silver altar of Zin.
  7183 | D:6      | Noticed Edmund
  7194 | D:6      | HP: 2/45 [Edmund/+4 flail of protection (6)]
  7536 | D:6      | Reached skill level 2 in Maces & Flails
  7576 | D:6      | Killed Edmund
  7802 | D:6      | Reached skill level 3 in Maces & Flails
  8065 | D:7      | Reached skill level 4 in Maces & Flails
  8143 | D:7      | Reached *** piety under Okawaru
  8173 | D:7      | Noticed Maggie
  8186 | D:7      | HP: 2/45 [Maggie/bolt of fire (12)]
  8191 | D:7      | Killed Maggie
  8192 | D:7      | Reached skill level 5 in Maces & Flails
  8396 | D:7      | Found a flagged portal.
  8413 | Bailey   | Entered a bailey
  8626 | Bailey   | Reached skill level 6 in Maces & Flails
  8880 | Bailey   | Reached skill level 7 in Maces & Flails
  8880 | Bailey   | Reached XP level 10. HP: 36/50 MP: 12/19
  9315 | Bailey   | Reached **** piety under Okawaru
  9316 | Bailey   | Reached skill level 8 in Maces & Flails
  9849 | Bailey   | Reached skill level 9 in Maces & Flails
 11199 | D:8      | Identified the +5 ring mail of the Quiescent Turtle {*Slow
                  | rN+ Str+4 Int+4}
 11750 | D:8      | Reached skill level 10 in Maces & Flails
 11854 | D:8      | Reached skill level 1 in Ice Magic
 11982 | D:8      | Learned a level 3 spell: Frozen Ramparts
 12896 | D:9      | Reached skill level 5 in Ice Magic
 13093 | D:9      | Reached XP level 11. HP: 45/54 MP: 20/20
 13175 | D:9      | Reached ***** piety under Okawaru
 13196 | D:9      | Reached skill level 1 in Fighting
 13480 | D:9      | Found a staircase to the Lair.
 13910 | D:10     | Entered Level 10 of the Dungeon
 14257 | D:10     | Found Gozag's Platinum Reserve.
 14258 | D:10     | Found an opulent altar of Gozag.
 14315 | D:10     | Found a transporter.
 14317 | D:10     | Found a transporter.
 14343 | D:10     | Found a transporter.
 14349 | D:10     | Found a transporter.
 14423 | D:10     | Reached skill level 5 in Fighting
 14782 | D:10     | Found a transporter.
 14783 | D:10     | Found a transporter.
 15220 | D:10     | Found an ancient bone altar of Kikubaaqudgha.
 15336 | D:11     | Noticed Amaemon
 15343 | D:11     | Identified the +1 pair of gloves "Icaoc" {+Blink Str-2
                  | Int+8 Stlth+} (Okawaru gifted it to you on level 11 of the
                  | Dungeon)
 15343 | D:11     | Received a gift from Okawaru
 15349 | D:11     | Killed Amaemon
 15975 | D:11     | Identified the +2 leather armour of Qiffil Hokk {Rampage
                  | rPois MP-9 Int+3}
 15984 | D:11     | Noticed Fannar
 15991 | D:11     | Killed Fannar
 16693 | D:11     | Reached skill level 10 in Fighting
 16892 | D:11     | Noticed Harold
 16899 | D:11     | Killed Harold
 16900 | D:11     | Reached XP level 12. HP: 77/77 MP: 0/21
 17213 | D:12     | Found Ivepsu Duve's Gadget Gallery.
 17410 | D:12     | Found a staircase to the Orcish Mines.
 17515 | D:12     | Bought a condenser vane for 640 gold pieces
 17602 | D:12     | Reached skill level 1 in Evocations
 18024 | D:12     | Identified the +0 ring mail "Xuysoll" {rPois Slay+3}
 18593 | Lair:1   | Entered Level 1 of the Lair of Beasts
 19209 | Lair:1   | Reached skill level 5 in Evocations
 19294 | Lair:1   | You fall into a shaft and drop 1 floor!
 19744 | Lair:2   | Noticed a five-headed hydra
 19751 | Lair:2   | Killed a five-headed hydra
 19861 | Lair:2   | Noticed an eight-headed hydra
 19879 | Lair:2   | Killed an eight-headed hydra
 19879 | Lair:2   | Identified the +10 plate armour of the Other Side {rN+}
                  | (Okawaru gifted it to you on level 2 of the Lair of Beasts)
 19879 | Lair:2   | Received a gift from Okawaru
 20517 | D:3      | Bought 2 scrolls of identify for 56 gold pieces
 20517 | D:3      | Bought a scroll of identify for 28 gold pieces
 21978 | Lair:3   | Reached skill level 1 in Shields
 21984 | Lair:3   | Reached ****** piety under Okawaru
 21996 | Lair:3   | Reached XP level 13. HP: 50/82 MP: 18/22
 22305 | Lair:3   | Reached skill level 5 in Shields
 22513 | Lair:3   | Found a staircase to the Snake Pit.
 22900 | Lair:3   | Found a staircase to the Swamp.
 23535 | Lair:3   | Identified the +3 cloak of the Devil {rC- Will++ Stlth+}
                  | (Okawaru gifted it to you on level 3 of the Lair of Beasts)
 23535 | Lair:3   | Received a gift from Okawaru
 23891 | Lair:4   | Learned a level 3 spell: Mephitic Cloud
 24550 | Lair:4   | Found a runed translucent door.
 25086 | Lair:5   | Noticed Sonja
 25095 | Lair:5   | Killed Sonja
 25419 | Lair:5   | Reached skill level 10 in Evocations
 25855 | Lair:5   | Reached skill level 1 in Poison Magic
 25856 | Lair:5   | Reached skill level 1 in Air Magic
 26086 | Lair:5   | Found a viscous altar of Jiyva.
 26087 | Lair:5   | Found a staircase to the Slime Pits.
 26105 | Lair:5   | Noticed Nessos
 26118 | Lair:5   | Killed Nessos
 26703 | Lair:6   | Entered Level 6 of the Lair of Beasts
 27052 | Lair:5   | Received a gift from Okawaru
 27053 | Lair:5   | Gained mutation: Your large and strong wings let you fly.
                  | [Gargoyle growth]
 27053 | Lair:5   | Reached XP level 14. HP: 49/88 MP: 17/26
 27358 | Lair:6   | Reached skill level 11 in Maces & Flails
 27491 | Lair:6   | Noticed Snorg
 27502 | Lair:6   | Killed Snorg
 27623 | Lair:6   | Reached skill level 12 in Maces & Flails
 27649 | Lair:6   | Noticed Josephine
 28242 | Lair:6   | Received a gift from Okawaru
 28375 | Lair:6   | Killed Josephine
 28601 | Lair:6   | Reached skill level 13 in Maces & Flails
 29041 | Lair:6   | Reached skill level 14 in Maces & Flails
 30282 | D:13     | Received a gift from Okawaru
 30487 | D:13     | Reached XP level 15. HP: 63/92 MP: 24/27
 30977 | Orc:1    | Entered Level 1 of the Orcish Mines
 30986 | Orc:1    | Found Kaus's Specific Store.
 30988 | Orc:1    | Found Banli Diwue's General Store.
 31026 | Orc:1    | Bought a scroll of blinking for 75 gold pieces
 31079 | Orc:1    | Noticed Erica
 31091 | Orc:1    | Killed Erica
 31314 | Orc:1    | Reached skill level 10 in Shields
 31451 | Orc:2    | Entered Level 2 of the Orcish Mines
 31451 | Orc:2    | Found a staircase to the Elven Halls.
 31774 | Orc:2    | Reached skill level 1 in Throwing
 33209 | Orc:2    | Found Zen Lipp's Armour Shoppe.
 33209 | Orc:2    | Found Gucusi Desu's Antique Weapon Shop.
 33211 | Orc:2    | Found Lyly's Jewellery Boutique.
 33213 | Orc:2    | Found Liojioro's Antique Armour Emporium.
 33242 | Orc:2    | Bought a shiny helmet for 247 gold pieces
 33242 | Orc:2    | Bought a pair of embroidered boots for 247 gold pieces
 33259 | Orc:2    | Bought a ring of see invisible for 240 gold pieces
 34696 | D:14     | Noticed Kirke
 34707 | D:14     | Killed Kirke
 34886 | D:14     | Learned a level 8 spell: Lehudib's Crystal Spear
 35474 | D:14     | Identified the +4 crystal plate armour "Ycaene" {rF+ Regen+
                  | Int-2} (Okawaru gifted it to you on level 14 of the
                  | Dungeon)
 35474 | D:14     | Received a gift from Okawaru
 35633 | D:14     | Found a gate to the Vaults.
 36075 | D:14     | Reached skill level 10 in Conjurations
 36376 | D:14     | Reached XP level 16. HP: 73/97 MP: 24/28
 37023 | D:14     | Reached skill level 10 in Earth Magic
 37176 | D:14     | Noticed a shadow dragon
 37195 | D:14     | Killed a shadow dragon
 37436 | D:14     | Received a gift from Okawaru
 37540 | D:14     | Identified the ring of Foot {Will- rCorr Str+3 Int+4 SInv}
 37843 | D:15     | Entered Level 15 of the Dungeon
 38548 | D:14     | Identified the +1 ring mail of Divine Mirth {Dex+8}
                  | (Okawaru gifted it to you on level 14 of the Dungeon)
 38548 | D:14     | Received a gift from Okawaru
 38819 | D:15     | Found a staircase to the Depths.
 38957 | D:15     | Noticed Louise
 38985 | D:15     | Killed Louise
 39081 | D:15     | Identified Roxanne's Catalogue of Transmutation
 39081 | D:15     | Noticed Roxanne
 39282 | D:15     | HP: 4/97 [meliai/divine providence (11)]
 41179 | Snake:1  | Entered Level 1 of the Snake Pit
 41380 | Snake:1  | Shot with a bolt by a naga sharpshooter

Illustrated notes

Levels and vault maps discovered:
D:1:      mushboom_english_gardens, layout_loops_ring,
          minmay_misc_feat_more_columns, minivault_19, minmay_misc_feat_x,
          st_stairs_14, amcnicky_mini_corridor_feature,
          chequers_serial_rivers_small_b, minmay_shallow_snake_nest
D:2:      layout_basic, basic_altar, hellmonk_ecumenical_altar_dog_temple
D:3:      layout_loops_ring, serial_shops, shop
D:4:      layout_basic, uniq_sigmund
D:5:      minmay_chambers_of_threes, layout_basic,
          minmay_temple_entry_gardened_gates
D:6:      layout_basic, minitemple, mainiacjoe_overflow_alcove_4,
          mainiacjoe_overflow_boulevard, nicolae_ossuary_entry_giza,
          ebering_ghost_sewer_d, uniq_edmund
D:7:      layout_loops_corners, enter_bailey_5, uniq_maggie
D:8:      layout_basic
D:9:      layout_cave_pools, grunt_lair_entry_orc_guard_hut
D:10:     layout_basic, lemuel_crystal_altar, nicolae_gozag_zags_fifth_avenue,
          serial_nicolae_subway, nicolae_sub_station_stone,
          nicolae_sub_station_metal, nicolae_sub_station_crystal
D:11:     layout_loops_corners, kennysheep_minor_cross, uniq_amaemon,
          uniq_harold, uniq_fannar
D:12:     layout_loops_ring, erik_orc_3, minmay_misc_feat_rows,
          nicolae_shop_gadgets
D:13:     layout_irregular_city
D:14:     minmay_nested_s, layout_long_grid,
          hangedman_vaults_entry_quadrant_bands, uniq_kirke
D:15:     grunt_enter_depths_magical_seal, layout_cave_pools,
          amcnicky_mini_pool_small, minmay_misc_feat_pillars, uniq_louise,
          uniq_roxanne
Temple:   minmay_temple_curvy_branch
Lair:1:   layout_small_grid
Lair:2:   layout_layer_cave, beast_lair_carwin_4, lemuel_fruit_tree
Lair:3:   kb_forest_paths, layout_chaotic_city, minmay_swamp_entry_worms,
          guppyfry_snake_entry_garden
Lair:4:   layout_regular_city, pf_torpor_hydra
Lair:5:   layout_gridlike, slime_entry_1, chequers_serial_rivers_room_a,
          minmay_lair_oklob_bushes, nzn_sisyphean_effort, uniq_sonja,
          uniq_nessos
Lair:6:   grunt_lair_end_beastmaster, layout_loops_ring, serial_bayou_shore_b,
          uniq_josephine, uniq_snorg
Snake:1:  layout_chambers, gammafunk_ghost_abyssal_escape
Orc:1:    minmay_goldmine, layout_caves, nicolae_specific_store, uniq_erica
Orc:2:    st_orc_rangers, layout_caves

Skill      XL: |  1  2  3  4  5  6  7  8  9 10 11 12 13 14 15 16 |
---------------+-------------------------------------------------+-----
Earth Magic    | 4 5 6 9 12 | 12.8
Spellcasting   | 3 4 5 6 8 |  8.1
Conjurations   | 3 5 6 10 13 | 13.2
Invocations    | 2 6 7 |  7.7
Maces & Flails | 7 10 14 | 14.0
Ice Magic      | 5 6 |  6.0
Fighting       | 10 | 10.0
Armour         | 3 |  3.5
Evocations     | 8 10 | 10.0
Shields        | 3 6 8 10 | 10.0
Poison Magic   | 2 |  2.6
Air Magic      | 2 |  2.1
Throwing       | 4 |  4.0
Dodging        | |  1.5
Stealth        | |  2.1
Transmutations | |  0.7

Action                   |  1- 3 |  4- 6 |  7- 9 | 10-12 | 13-15 | 16-18 || total
-------------------------+-------+-------+-------+-------+-------+-------++-------
Melee: Quarterstaff      |    14 |       |       |       |       |       ||    14
       Shillelagh        |       |       |   108 |   326 |   732 |   234 ||  1400
       Punch             |       |       |     1 |     6 |       |       ||     7
       Hunting sling     |       |       |       |    12 |       |       ||    12
 Fire: Hunting sling     |       |    56 |   154 |    28 |    13 |     3 ||   254
 Cast: Sandblast         |    43 |    27 |    50 |    16 |       |       ||   136
       Stone Arrow       |       |       |    33 |   165 |    79 |    87 ||   364
       Frozen Ramparts   |       |       |       |    26 |    58 |    26 ||   110
       Mephitic Cloud    |       |       |       |       |     8 |       ||     8
Invok: Heroism           |       |       |       |     1 |       |       ||     1
Evoke: Condenser vane    |       |       |       |       |     2 |       ||     2
       Wand              |       |       |       |       |     2 |     8 ||    10
       Tin of tremorston |       |       |       |       |     1 |       ||     1
  Use: Scroll            |     3 |     2 |     2 |    24 |     8 |     3 ||    42
       Potion            |       |       |     3 |     1 |     3 |     3 ||    10
 Stab: Sleeping          |       |       |     2 |     1 |     3 |     1 ||     7
       Confused          |       |       |       |       |     3 |       ||     3
       Distracted        |       |       |       |       |     1 |       ||     1
       Invisible         |       |       |       |       |       |     1 ||     1
Armor: Robe              |    21 |     9 |    35 |       |   294 |   135 ||   494
       Leather armour    |       |       |    40 |   181 |       |       ||   221
       Steam dragon scal |       |       |       |   120 |   132 |       ||   252
Dodge: Dodged            |    33 |    11 |    90 |   303 |   276 |   113 ||   826
Block: Other             |       |       |       |     4 |     4 |       ||     8
       Buckler           |       |       |       |       |   156 |       ||   156
       Reflection        |       |       |       |       |    74 |    42 ||   116
       Kite shield       |       |       |       |       |   406 |   268 ||   674

Table legend: (Time is in decaauts)
 A = Elapsed time spent in this place.
 B = Non-inter-level travel time spent in this place.
 C = Inter-level travel time spent in this place.
 D = Time resting spent in this place.
 E = Time spent auto-exploring this place.
 F = Levels seen in this place.
 G = Mean time per level.
                   A        B        C        D        E       F      G
               +--------+--------+--------+--------+--------+-----+--------+
         Total |  41474 |  39015 |   2459 |  15648 |  12944 |  27 | 1536.1 |
       Dungeon |  26157 |  24523 |   1634 |   9572 |   8329 |  15 | 1743.8 |
        Temple |     57 |     35 |     22 |      0 |      0 |   1 |   57.0 |
          Lair |  10633 |   9903 |    730 |   3853 |   3835 |   6 | 1772.2 |
     Snake Pit |     38 |     38 |      0 |      0 |      0 |   1 |   38.0 |
  Orcish Mines |   2606 |   2535 |     71 |   1314 |    677 |   2 | 1303.0 |
       Ossuary |    178 |    178 |      0 |      0 |      0 |   1 |  178.0 |
        Bailey |   1802 |   1802 |      0 |    909 |    102 |   1 | 1802.0 |
               +--------+--------+--------+--------+--------+-----+--------+

Top non-repeatable levels by time:
    D:14: 5112 daAuts
  Lair:5: 2474 daAuts
     D:5: 2386 daAuts
    D:11: 2336 daAuts
  Lair:3: 2089 daAuts
    D:13: 1924 daAuts
   Orc:1: 1808 daAuts
  Bailey: 1802 daAuts
  Lair:6: 1664 daAuts
     D:8: 1624 daAuts
     D:9: 1623 daAuts
     D:7: 1607 daAuts
  Lair:2: 1592 daAuts
  Lair:1: 1583 daAuts
     D:6: 1548 daAuts
